 Dungeon Crawl Stone Soup version 0.31.0-11-ge490571c62 (webtiles) character file.

Game seed: 16532244049840054005

26 qw the Shooter (level 2, -2/14 HPs)
             Began as a Spriggan Hunter on Feb 4, 2024.
             Succumbed to their own poison gas
             ... on level 1 of the Dungeon.
             The game lasted 00:00:01 (834 turns).

qw the Shooter (Spriggan Hunter)                     Turns: 834, Time: 00:00:02

Health: -2/14      AC:  2    Str:  7    XL:     2   Next: 89%
Magic:  3/3        EV: 19    Int: 10    God:
Gold:   33         SH:  0    Dex: 18    Spells: 1/1 levels left

rFire   . . .        a - +1 shortbow
rCold   . . .        (shield currently unavailable)
rNeg    . . .        c - +0 robe
rPois   .            (helmet restricted)
rElec   .            (no cloak)
rCorr   .            (gloves unavailable)
SInv    +            (boots unavailable)
Will    .....        (no amulet)
Stlth   ++           (no ring)
HPRegen 0.22/turn    (no ring)
MPRegen 0.08/turn

%: no passive effects
@: lethally poisoned (-2 -> -15), very quick
A: very small, no large weapons, unfitting armour, see invisible, speed 3
a: no special abilities


You were on level 1 of the Dungeon.
You visited 1 branch of the dungeon, and saw 1 of its levels.

You collected 33 gold pieces.


Innate Abilities, Weirdness & Mutations

You are very small and have problems with some larger weapons.
You are too small for most types of armour.
You have supernaturally acute eyesight. (SInv)
You cover ground extremely quickly. (Speed+++)


   Skills:
 - Level 1.5 Fighting
 + Level 4.4 Ranged Weapons
 - Level 4.0 Dodging
 - Level 1.5 Stealth


You had one spell level left.
You didn't know any spells.
Your spell library was empty.

Inventory:

Hand Weapons
 a - a +1 shortbow (weapon)
Armour
 c - a +0 robe (worn)
Scrolls
 f - a scroll of teleportation
Potions
 g - a potion of enlightenment

Dungeon Overview and Level Annotations

Branches:
Dungeon (1/15)

Altars:


Message History

As you read the scroll labelled GYTRAS CICYA, it crumbles to dust.
It is a scroll of identify.
827 ||| IDENTIFYING white potion;
g - a potion of enlightenment Done exploring.
828 ||| READING scroll of identify.
828 ||| IDENTIFYING scroll labelled VUETZA ENOAT
As you read the scroll of identify, it crumbles to dust.
f - a scroll of teleportation Done exploring.
829 ||| READING scroll labelled IFUIPH NAWOSI.
The air fills with toxic fumes!
As you read the scroll labelled IFUIPH NAWOSI, it crumbles to dust.
It was a scroll of poison.
Done exploring.
830 ||| DROPPING scroll of butterflies.
You drop a scroll of butterflies.
Done exploring.
What level of the Dungeon? (default 1, ? - help) Sorry, I don't know how to get there.
Enter note:
Enter note:
Enter note:
Enter note:
Enter note:
Enter note:
Enter note:
Enter note:
Enter note:
Enter note:
Enter note:
Enter note: You are engulfed in poison gas.
You are lethally poisoned!
You feel very sick.
832 ||| Stepping ~*~*~tactically~*~*~ (cloud).
You feel sick.
You see here a scroll of butterflies.
There is a lethal amount of poison in your body!
You feel very sick.
There is a lethal amount of poison in your body!
You die...

####...#######.......# #.#
...#...#.....##.¤¤#### #.#
>..+...#.....#..¤¤.#####.#
...##.##.¤...##.¤¤.......#
'####.####¤#####¤#########
..##...##..¤¤¤##¤#
..##...##....¤¤¤¤#
#####.###''####¤¤#
...##.##.....###@#
...'...'..<..#..0#
...#...'.....#####
####...#######
..........## ####.......##
#.#......# #........#
###......#


There were no monsters in sight!

Vanquished Creatures
  2 dart slugs (D:1)
  4 endoplasms (D:1)
  2 goblins (D:1)
  A hobgoblin (D:1)
  3 kobolds (D:1)
  2 quokkas (D:1)
  3 ball pythons (D:1)
  A bat (D:1)
  A frilled lizard (D:1)
  A rat (D:1)
20 creatures vanquished.

Notes
Turn   | Place    | Note
-------+----------+-------------------------------------------
     0 | D:1      | qw the Spriggan Hunter began the quest for the Orb.
     0 | D:1      | Reached XP level 1. HP: 10/10 MP: 2/2
     0 | D:1      | 0 ||| qw: Version: 0.3-a-160-g6735b56
     0 | D:1      | 0 ||| qw: Game counter: 5378
     0 | D:1      | 0 ||| qw: Melee chars always use a shield: true
     0 | D:1      | 0 ||| qw: God list: Okawaru
     0 | D:1      | 0 ||| qw: Allow faded altars: false
     0 | D:1      | 0 ||| qw: Do Orc after clearing Dungeon:15 true
     0 | D:1      | 0 ||| qw: Do second Lair branch before Depths: true
     0 | D:1      | 0 ||| qw: Lair rune preference: random
     0 | D:1      | 0 ||| qw: Goals: Normal
     0 | D:1      | 0 ||| PLANNING D:1-11
    19 | D:1      | Reached skill level 3 in Dodging
   138 | D:1      | Reached XP level 2. HP: 14/14 MP: 3/3
   826 | D:1      | 826 ||| READING scroll labelled SOADIGUHO.
   826 | D:1      | 826 ||| ENCHANTING +0 shortbow.
   827 | D:1      | 827 ||| READING 2 scrolls labelled GYTRAS CICYA.
   827 | D:1      | 827 ||| IDENTIFYING white potion
   828 | D:1      | 828 ||| READING scroll of identify.
   828 | D:1      | 828 ||| IDENTIFYING scroll labelled VUETZA ENOAT
   829 | D:1      | 829 ||| READING scroll labelled IFUIPH NAWOSI.
   830 | D:1      | 830 ||| DROPPING scroll of butterflies.
   832 | D:1      | 832 ||| Stepping ~*~*~tactically~*~*~ (cloud).
   833 | D:1      | HP: 1/14 [poisoned by you (poison gas)]
   834 | D:1      | Succumbed to their own poison gas

Levels and vault maps discovered:
D:1:      dpeg_arrival_houses_and_road, layout_loops_corners

Skill      XL: |  1  2 |
---------------+-------+-----
Dodging        | 3 4 |  4.0
Fighting       | |  1.5
Ranged Weapons | |  4.4
Stealth        | |  1.5

Action                     || total
---------------------------++-------
   Fire: Shortbow          ||    40
    Use: Scroll            ||     4
  Dodge: Dodged            ||     1

Table legend:
 A = Non-vault XP
 B = Vault XP
 C = Vault XP percentage of total XP
 D = Non-vault monster count
 E = Vault monster count
 F = Vault count percentage of total count
                 A         B        C        D         E       F
            +---------+---------+-------+---------+---------+-------
      Total |      38 |       0 |   0.0 |      20 |       0 |   0.0
            +---------+---------+-------+---------+---------+-------
        D:1 |      38 |       0 |   0.0 |      20 |       0 |   0.0
            +---------+---------+-------+---------+---------+-------
